 Dungeon Crawl Stone Soup version 0.29.1-1-gd02db6906a (webtiles) character file.

Game seed: 2221836864754116998

128 sankara the Ruffian (level 4, -1/40 HPs)
             Began as a Minotaur Gladiator on Oct 20, 2022.
             Slain by Crazy Yiuf
             ... wielding a +4 quarterstaff of chaos
              (6 damage)
             ... on level 2 of the Dungeon.
             The game lasted 00:02:36 (1734 turns).

sankara the Ruffian (Minotaur Gladiator)            Turns: 1734, Time: 00:02:36

Health: -1/40      AC: 11    Str: 18    XL:     4   Next: 86%
Magic:  3/3        EV: 21    Int:  5    God:
Gold:   89         SH:  0    Dex: 14    Spells: 3/3 levels left

rFire   . . .      SeeInvis .     - Unarmed
rCold   . . .      Faith    .   (no shield)
rNeg    . . .      Spirit   .   r - +0 plate armour
rPois   +          Reflect  .   b - +0 hat
rElec   .          Harm     .   (no cloak)
rCorr   .          Rampage  .   (no gloves)
Will    .....                   (no boots)
Stlth   ..........              g - amulet of the acrobat
HPRegen 0.13/turn               m - ring of poison resistance
MPRegen 0.08/turn               (no ring)

@: acrobatic
A: horns 2, retaliatory headbutt
a: no special abilities


You were on level 2 of the Dungeon.
You visited 1 branch of the dungeon, and saw 2 of its levels.

You collected 89 gold pieces.

Inventory:

Hand Weapons
 j - a +0 sling
Missiles
 a - 15 stones
 c - 3 throwing nets (quivered)
 d - a javelin
 q - 4 poisoned darts
Armour
 b - a +0 hat (worn)
 r - a +0 plate armour (worn)
Jewellery
 g - an amulet of the acrobat (around neck)
 m - a ring of poison resistance (left hand)
 n - a ring of fire
Scrolls
 e - a scroll of immolation {unknown}
 f - a scroll of poison {unknown}
 h - 2 scrolls of identify {unknown}
 k - a scroll of fog {unknown}
 l - 4 scrolls of teleportation {unknown}
 p - a scroll of enchant armour {unknown}
Potions
 i - a potion of lignification {unknown}
 o - a potion of heal wounds {unknown}
 s - a potion of haste {unknown}


   Skills:
 + Level 3.7 Fighting
 - Level 2.0 Throwing
 + Level 2.5 Armour
 - Level 3.2 Dodging
 * Level 4.9 Unarmed Combat


You had 3 spell levels left.
You didn't know any spells.
Your spell library contained the following spells:

 Spells                   Type           Power      Damage    Failure   Level
 Apportation              Tloc           0%         N/A       100%        1
 Necrotise                Necr           0%         1d4       100%        1
 Summon Small Mammal      Summ           0%         N/A       100%        1
 Portal Projectile        Hex/Tloc       0%         N/A       100%        3
 Tukima's Dance           Hex            0%         N/A       100%        3
 Blade Hands              Tmut           0%         N/A       100%        5


Dungeon Overview and Level Annotations

Branches:
Dungeon (2/15)

Altars:
Zin

Annotations:
D:2 Crazy Yiuf


Innate Abilities, Weirdness & Mutations

You have a pair of horns on your head.
You reflexively headbutt those who attack you in melee.


Message History

Crazy Yiuf hits you with a +4 quarterstaff of chaos!
You hit Crazy Yiuf but do no damage. Your headbutt misses Crazy Yiuf.
Crazy Yiuf is moderately wounded.
Crazy Yiuf hits you with a +4 quarterstaff of chaos.
Crazy Yiuf burns you.
You barely miss Crazy Yiuf.
You headbutt Crazy Yiuf, but do no damage.
Crazy Yiuf is moderately wounded.
Crazy Yiuf hits you with a +4 quarterstaff of chaos.
Crazy Yiuf freezes you.
You are too injured to fight recklessly!
You are too injured to fight recklessly!
You are too injured to fight recklessly!
You are too injured to fight recklessly!
You closely miss Crazy Yiuf. Your headbutt misses Crazy Yiuf.
Your punch misses Crazy Yiuf.
Crazy Yiuf is moderately wounded.
Crazy Yiuf screams, "Two pizzabubble Xom!"
Crazy Yiuf hits you with a +4 quarterstaff of chaos.
Crazy Yiuf freezes you.
You hit Crazy Yiuf.
Crazy Yiuf is moderately wounded.
Crazy Yiuf hits you with a +4 quarterstaff of chaos!
* * * LOW HITPOINT WARNING * * *
Crazy Yiuf freezes you.
* * * LOW HITPOINT WARNING * * *
Crazy Yiuf attacks as you move away! Crazy Yiuf hits you but does no damage.
Crazy Yiuf attacks as you move away! Crazy Yiuf completely misses you.
You furiously retaliate!
You headbutt Crazy Yiuf. Crazy Yiuf attacks as you move away!
Crazy Yiuf barely misses you. Crazy Yiuf attacks as you move away!
Crazy Yiuf barely misses you. You furiously retaliate!
You headbutt Crazy Yiuf. Crazy Yiuf attacks as you move away!
Crazy Yiuf closely misses you.
Crazy Yiuf sings, "Trees, trees, trees, circus!"
Crazy Yiuf says, "Whippet meccalolo light!"
Crazy Yiuf attacks as you move away! Crazy Yiuf hits you but does no damage.
You see here a +0 dagger.
Crazy Yiuf attacks as you move away!
Crazy Yiuf hits you with a +4 quarterstaff of chaos.
You die...

#)### #.##.#.###.# ##.##
#...###.##.#.# #.# ##.P.#
##..........#.###.## #P.P.#
..........#........# ##..##
##...###..#.######## #....##
#...# #..#)# #...#.#
##...###..#.## #..##.#
.............##########.###.#
####......#.....@g..........#
#............################
#....._...#..# ###
#.#.......#<.# #..
#.##......#..# #.#
#.#########..# ###########.#
#.# #..# #...........# #.#
#..# #.##########. #.# #..#
#.# #.


You could see Crazy Yiuf.

Vanquished Creatures
  5 gnolls
  4 adders (D:2)
  3 dart slugs
  4 endoplasms
  2 giant cockroaches
  2 hobgoblins (D:1)
  A jackal (D:2)
  A quokka (D:1)
  5 ball pythons (D:1)
  3 bats (D:2)
  2 frilled lizards
  3 goblins
  6 kobolds
  3 rats
44 creatures vanquished.

Notes
Turn   | Place    | Note
-------+----------+-------------------------------------------
     0 | D:1      | sankara the Minotaur Gladiator began the quest for the Orb.
     0 | D:1      | Reached XP level 1. HP: 18/18 MP: 0/0
   312 | D:1      | Reached XP level 2. HP: 25/25 MP: 1/1
   382 | D:1      | Found a faded altar of an unknown god.
   386 | D:1      | Reached skill level 1 in Armour
   492 | D:1      | Reached skill level 4 in Unarmed Combat
   511 | D:1      | Reached XP level 3. HP: 29/31 MP: 2/2
   822 | D:2      | Found a glowing silver altar of Zin.
   993 | D:2      | Found a runed translucent door.
   994 | D:2      | Noticed Crazy Yiuf
  1132 | D:2      | Reached XP level 4. HP: 38/38 MP: 3/3
  1734 | D:2      | Slain by Crazy Yiuf

Illustrated notes

Levels and vault maps discovered:
D:1:      dpeg_arrival_oval, layout_rooms,
          shapermc_ecumenical_altar_starsandcircs
D:2:      layout_loops_ring, basic_altar, minmay_octomino_c4,
          uniq_crazy_yiuf_cottage

Skill      XL: |  1  2  3 |
---------------+----------+-----
Armour         | 1 2 |  2.5
Unarmed Combat | 4 |  4.9
Fighting       | 3 |  3.7
Throwing       | |  2.0
Dodging        | |  3.2

Action                   |  1- 3 |  4- 6 || total
-------------------------+-------+-------++-------
Melee: Unarmed           |    78 |    27 ||   105
       Headbutt          |    12 |     8 ||    20
       Punch             |     1 |       ||     1
Armor: Ring mail         |    15 |       ||    15
       Leather armour    |     1 |       ||     1
       Plate armour      |     1 |    15 ||    16
Dodge: Dodged            |    55 |    11 ||    66
